 Dungeon Crawl Stone Soup version 0.30-a0-719-gcc4359ea44 (webtiles) character file.

Game seed: 9332896915367148676

194 Farfigtubin the Grasshopper (level 5, 0/43 HPs)
             Began as a Gnoll Warper on Jan 27, 2023.
             Slain by a mummy (6 damage)
             ... on level 5 of the Dungeon.
             The game lasted 00:19:04 (2565 turns).

Farfigtubin the Grasshopper (Gnoll Warper)          Turns: 2565, Time: 00:19:04

Health: 0/43       AC:  3    Str: 11    XL:     5   Next: 73%
Magic:  12/12      EV: 13    Int: 14    God:
Gold:   154        SH:  0    Dex: 11    Spells: 9/14 levels left

rFire   . . .      SeeInvis .    a - +0 hand axe
rCold   . . .      Faith    .    (no shield)
rNeg    . . .      Spirit   .    b - +0 leather armour
rPois   .          Reflect  .    (no helmet)
rElec   .          Harm     .    (no cloak)
rCorr   .          Rampage  .    (no gloves)
Will    .....                    (no boots)
Stlth   +                        (no amulet)
HPRegen 0.27/turn                (no ring)
MPRegen 0.13/turn                (no ring)

@: no status effects
A: fangs 1, strong nose, distributed training
a: no special abilities


You were on level 5 of the Dungeon.
You visited 1 branch of the dungeon, and saw 4 of its levels.
You also visited: Ossuary.

You collected 154 gold pieces.

Inventory:

Hand Weapons
 a - a +0 hand axe (weapon)
Missiles
 d - 7 boomerangs of dispersal
Armour
 b - a +0 leather armour (worn)
Scrolls
 c - a scroll of blinking
 h - a scroll of vulnerability {unknown}
 i - a scroll of poison {unknown}
 k - a scroll of enchant armour {unknown}
 l - a scroll of torment {unknown}
 m - a scroll of silence {unknown}
Potions
 e - a potion of mutation {unknown}
 f - a potion of resistance {unknown}
 g - 2 potions of degeneration {unknown}
 j - 2 potions of brilliance {unknown}
 n - 3 potions of cancellation {unknown}
 o - 2 potions of attraction {unknown}
 p - a potion of curing {unknown}
 q - a potion of berserk rage {unknown}


   Skills:
 + Level 4.9 Fighting
 + Level 1.7 Short Blades
 + Level 1.7 Long Blades
 + Level 4.9 Axes
 + Level 1.7 Maces & Flails
 + Level 1.7 Polearms
 + Level 1.7 Staves
 + Level 1.7 Ranged Weapons
 + Level 3.1 Throwing
 + Level 3.1 Armour
 + Level 4.9 Dodging
 + Level 1.7 Stealth
 + Level 1.7 Shields
 + Level 1.7 Unarmed Combat
 + Level 5.2 Spellcasting
 + Level 1.3 Conjurations
 + Level 1.3 Hexes
 + Level 1.3 Summonings
 + Level 1.3 Necromancy
 + Level 5.6 Translocations
 + Level 1.3 Transmutations
 + Level 1.3 Fire Magic
 + Level 1.3 Ice Magic
 + Level 1.3 Air Magic
 + Level 1.3 Earth Magic
 + Level 1.3 Poison Magic
 + Level 1.9 Invocations
 + Level 1.7 Evocations


You had 9 spell levels left.
You knew the following spells:

 Your Spells              Type           Power      Damage    Failure   Level
a - Lesser Beckoning      Tloc           38%        N/A       3%          2
b - Vhi's Electric Charg  Tloc/Air       26%        N/A       16%         3

Your spell library contained the following spells:

 Spells                   Type           Power      Damage    Failure   Level
 Blink                    Tloc           38%        N/A       3%          2
 Teleport Other           Tloc           19%        N/A       6%          3
 Manifold Assault         Tloc           19%        N/A       22%         4
 Arcjolt                  Conj/Air       3%         1d13      98%         5
 Maxwell's Capacitive Co  Air            3%         ∞         100%        8


Dungeon Overview and Level Annotations

Branches:
Dungeon (5/15)            Ossuary (visited)
 Temple: D:4-7

Altars:

Shops:
D:1 (


Innate Abilities, Weirdness & Mutations

You have very sharp teeth.
Your uncanny sense of smell can sniff out nearby items.
Your experience applies equally to all skills.


Message History

The mummy is lightly damaged.
The mummy hits you!
* * * LOW HITPOINT WARNING * * *
You hit the mummy.
The mummy is heavily damaged.
You hit the mummy. You punch the mummy, but do no damage.
The mummy is severely damaged.
The mummy completely misses you.
You hit the mummy.
You destroy the mummy!
You barely miss the mummy. The mummy hits you.
* * * LOW HITPOINT WARNING * * *
You hit the mummy.
The mummy is lightly damaged.
You barely miss the mummy.
The mummy is lightly damaged.
The mummy barely misses you.
You hit the mummy. You bite the mummy, but do no damage.
The mummy is lightly damaged.
You barely miss the mummy.
The mummy is lightly damaged.
The mummy misses you.
You hit the mummy.
The mummy is moderately damaged.
The mummy barely misses you.
You hit the mummy.
The mummy is heavily damaged.
You hit the mummy.
The mummy is heavily damaged.
The mummy hits you but does no damage.
You barely miss the mummy.
The mummy is heavily damaged.
The mummy hits you.
* * * LOW HITPOINT WARNING * * *
You barely miss the mummy. You bite the mummy, but do no damage.
The mummy is heavily damaged.
You hit the mummy.
The mummy is almost destroyed.
The mummy hits you.
You die...

##...###.#
###.#......#
#.......>#
#.#.#†#.##
##...##
#######'###
#.'.#.#.#
###'#'#.#
#@M...'[#
###...###
#.'...+
#'#+#+# #.#
###


You could see a mummy.

Vanquished Creatures
  A human zombie (D:5)
  Terence (D:3)
  A mummy (D:5)
  4 adders
  A gnoll (D:1)
  3 worms
  A dart slug (D:2)
  4 orcs (D:3)
  8 bats
  7 endoplasms
  2 giant cockroaches (D:2)
  6 goblins
  8 hobgoblins
  3 quokkas
  8 ball pythons
  5 frilled lizards
  4 kobolds (D:3)
  2 orc skeletons (D:5)
  2 orc zombies (D:5)
  9 rats
80 creatures vanquished.

Notes
Turn   | Place    | Note
-------+----------+-------------------------------------------
     0 | D:1      | Farfigtubin the Gnoll Warper began the quest for the Orb.
     0 | D:1      | Reached XP level 1. HP: 20/20 MP: 6/6
    56 | D:1      | Reached XP level 2. HP: 14/26 MP: 7/7
   509 | D:1      | Reached skill level 5 in Spellcasting
   509 | D:1      | Reached XP level 3. HP: 17/31 MP: 7/9
   515 | D:1      | Learned a level 2 spell: Lesser Beckoning
   728 | D:1      | Reached skill level 1 in Invocations
   832 | D:1      | Found Ilosouf's Antique Weapon Shoppe.
  1174 | D:2      | Reached skill level 1 in Short Blades
  1174 | D:2      | Reached skill level 1 in Long Blades
  1174 | D:2      | Reached skill level 1 in Maces & Flails
  1174 | D:2      | Reached skill level 1 in Polearms
  1174 | D:2      | Reached skill level 1 in Staves
  1174 | D:2      | Reached skill level 1 in Ranged Weapons
  1174 | D:2      | Reached skill level 1 in Stealth
  1174 | D:2      | Reached skill level 1 in Shields
  1174 | D:2      | Reached skill level 1 in Unarmed Combat
  1174 | D:2      | Reached skill level 1 in Evocations
  1319 | D:2      | Reached XP level 4. HP: 34/38 MP: 6/11
  1460 | D:2      | Reached skill level 1 in Conjurations
  1460 | D:2      | Reached skill level 1 in Hexes
  1460 | D:2      | Reached skill level 1 in Summonings
  1460 | D:2      | Reached skill level 1 in Necromancy
  1460 | D:2      | Reached skill level 1 in Transmutations
  1460 | D:2      | Reached skill level 1 in Fire Magic
  1460 | D:2      | Reached skill level 1 in Ice Magic
  1460 | D:2      | Reached skill level 1 in Air Magic
  1460 | D:2      | Reached skill level 1 in Earth Magic
  1460 | D:2      | Reached skill level 1 in Poison Magic
  1687 | D:2      | Learned a level 3 spell: Vhi's Electric Charge
  1976 | D:3      | Reached XP level 5. HP: 9/43 MP: 8/12
  1981 | D:3      | HP: 2/43 [poisoned by a goblin]
  2369 | D:3      | Noticed Terence
  2380 | D:3      | Killed Terence
  2423 | D:3      | You fall into a shaft and drop 2 floors!
  2423 | D:5      | Entered Level 5 of the Dungeon
  2463 | D:5      | Found a sand-covered staircase.
  2536 | Ossuary  | Entered an ossuary
  2565 | D:5      | Slain by a mummy

Illustrated notes

Levels and vault maps discovered:
D:1:      sevenhm_arrival_forest_fort_small_5, layout_basic, serial_shops, shop
D:2:      layout_rooms, minmay_fractal_squares_gapless_5
D:3:      minmay_razor_zed, layout_loops_corners, overflow_temple_1_default,
          uniq_terence
D:5:      kennysheep_slugbush, layout_loops_ring,
          nicolae_dithmenos_shadow_blocks, nicolae_ossuary_entry_catacombs

Skill      XL: |  1  2  3  4  5 |
---------------+----------------+-----
Spellcasting   | 5 |  5.2
Invocations    | 1 |  1.9
Short Blades   | 1 |  1.7
Long Blades    | 1 |  1.7
Maces & Flails | 1 |  1.7
Polearms       | 1 |  1.7
Staves         | 1 |  1.7
Ranged Weapons | 1 |  1.7
Stealth        | 1 |  1.7
Shields        | 1 |  1.7
Unarmed Combat | 1 |  1.7
Evocations     | 1 |  1.7
Conjurations   | 1 |  1.3
Hexes          | 1 |  1.3
Summonings     | 1 |  1.3
Necromancy     | 1 |  1.3
Transmutations | 1 |  1.3
Fire Magic     | 1 |  1.3
Ice Magic      | 1 |  1.3
Air Magic      | 1 |  1.3
Earth Magic    | 1 |  1.3
Poison Magic   | 1 |  1.3
Throwing       | 3 |  3.1
Armour         | 3 |  3.1
Fighting       | |  4.9
Axes           | |  4.9
Dodging        | |  4.9
Translocations | |  5.6

Action                     |  1- 3 |  4- 6 || total
---------------------------+-------+-------++-------
  Melee: Hand axe          |   110 |   209 ||   319
         Bite              |    10 |    18 ||    28
         Punch             |     2 |     5 ||     7
   Cast: Lesser Beckoning  |    20 |    14 ||    34
         Vhi's Electric Ch |       |    12 ||    12
   Stab: Sleeping          |     1 |     1 ||     2
 Armour: Leather armour    |    35 |    41 ||    76
  Dodge: Dodged            |    89 |   115 ||   204

Table legend: (Time is in decaauts)
 A = Elapsed time spent in this place.
 B = Non-inter-level travel time spent in this place.
 C = Inter-level travel time spent in this place.
 D = Time resting spent in this place.
 E = Time spent auto-exploring this place.
 F = Levels seen in this place.
 G = Mean time per level.
                   A        B        C        D        E       F      G
               +--------+--------+--------+--------+--------+-----+--------+
         Total |   2594 |   2594 |      0 |    250 |    336 |   5 |  518.8 |
       Dungeon |   2582 |   2582 |      0 |    250 |    336 |   4 |  645.5 |
       Ossuary |     12 |     12 |      0 |      0 |      0 |   1 |   12.0 |
               +--------+--------+--------+--------+--------+-----+--------+

Top non-repeatable levels by time:
     D:1: 1132 daAuts
     D:2: 746 daAuts
     D:3: 570 daAuts
     D:5: 132 daAuts
 Ossuary: 12 daAuts
